AoeStats
← dobled2daoe

Arabia

508061499Analyzed
1v1 RM · 11d ago on Sep 20, 2026· 42m 36s· 2 players
Game mode
Random Map
Map size
Tiny (2 player)
Population
200
Speed
Normal
Resources
Standard
Victory
Conquest
Starting age
Dark Age
Ending age
Imperial Age
RankedLock teamsTeams togetherTeam positionsShared explorationLock speedFull tech treeHidden civsTurbo modeCheats
Victory
Defeat
🇨🇴 Mongols · Colombia
1353
+14
🇺🇸 Khitans · United States
1320
-14
Mountainous Savage
6:30 Loom
9:52 Feudal Age
10:23 Double-Bit Axe
10:19 Domestication
16:22 Forging
16:18 Scale Barding Armor
17:48 Padded Archer Armor
19:31 Wheelbarrow
21:50 Castle Age
20:49 Fletching
24:11 Elite Skirmisher
27:42 Iron Casting
28:38 Chain Barding Armor
30:00 Husbandry
37:44 Bow Saw
37:36 Pastoralism
41:14 Bodkin Arrow
44:05 Imperial Age
41:34 Light Cavalry
dobled2daoe
8:50 Feudal Age
7:06 Loom
8:53 Man-at-Arms
16:05 Fletching
22:54 Castle Age
21:35 Scale Barding Armor
21:35 Double-Bit Axe
21:31 Horse Collar
22:44 Bloodlines
23:22 Forging
27:48 Pikeman
28:35 Scale Mail Armor
29:11 Iron Casting
31:08 Chain Mail Armor
32:16 Chain Barding Armor
39:40 Imperial Age
39:48 Heavy Camel Rider
41:39 Blast Furnace
42:33 Plate Mail Armor
Connection lost

Rejoining the realm…

Still unreachable

The connection could not be restored.

Session expired

The server has moved on; the page needs a fresh start.